 Dungeon Crawl Stone Soup version 0.29.1-13-g9f3cf754e1 (webtiles) character file.

Game seed: 11445119877646726943

809 Priul the Conjurer (level 7, -10/37 HPs)
             Began as a Deep Elf Conjurer on Feb 8, 2023.
             Killed from afar by an electric eel (14 damage)
             ... with a bolt of electricity
             ... on level 4 of the Dungeon.
             The game lasted 00:14:25 (3583 turns).

Priul the Conjurer (Deep Elf Conjurer)              Turns: 3583, Time: 00:14:25

Health: -10/37     AC:  4    Str:  4    XL:     7   Next: 61%
Magic:  14/19      EV: 13    Int: 25    God:
Gold:   150        SH:  0    Dex: 13    Spells: 16/20 levels left

rFire   . . .      SeeInvis .   j - staff of conjuration
rCold   . . .      Faith    .   (no shield)
rNeg    . . .      Spirit   .   a - +0 robe
rPois   .          Reflect  .   f - +0 helmet
rElec   .          Harm     .   w - +0 cloak
rCorr   .          Rampage  .   (no gloves)
Will    .....                   (no boots)
Stlth   +++.......              (no amulet)
HPRegen 0.12/turn               (no ring)
MPRegen 0.16/turn               (no ring)

@: no status effects
A: no striking features
a: no special abilities


You were on level 4 of the Dungeon.
You visited 2 branches of the dungeon, and saw 5 of its levels.

You collected 150 gold pieces.

Inventory:

Missiles
 q - a throwing net
Armour
 a - a +0 robe (worn)
 f - a +0 helmet (worn)
 w - a +0 cloak (worn)
Magical Staves
 j - a staff of conjuration (weapon)
Wands
 t - a wand of quicksilver (3)
 x - a wand of flame (5) (quivered)
Scrolls
 c - 3 scrolls of vulnerability {unknown}
 h - a scroll of fear {unknown}
 k - 5 scrolls of identify {unknown}
 m - a scroll of brand weapon {unknown}
 o - 2 scrolls of enchant weapon {unknown}
 p - a scroll of teleportation {unknown}
 v - a scroll of noise {unknown}
Potions
 b - a potion of magic
 d - 4 potions of haste {unknown}
 e - 3 potions of curing {unknown}
 g - a potion of ambrosia {unknown}
 i - a potion of lignification {unknown}
 l - a potion of resistance {unknown}
 n - 2 potions of degeneration {unknown}
 r - 2 potions of brilliance {unknown}
 s - a potion of flight {unknown}
 u - 2 potions of attraction {unknown}


   Skills:
 + Level 0.4 Fighting
 + Level 3.3 Dodging
 + Level 4.3 Stealth
 + Level 7.0 Spellcasting
 + Level 7.8 Conjurations
 + Level 1.3 Hexes


You had 16 spell levels left.
You knew the following spells:

 Your Spells              Type           Power      Damage    Failure   Level
a - Magic Dart            Conj           100%       1d8       1%          1
b - Searing Ray           Conj           100%       2d8       1%          2
c - Slow                  Hex            60%        N/A       4%          1

Your spell library contained the following spells:

 Spells                   Type           Power      Damage    Failure   Level
 Dazzling Flash           Conj/Hex       94%        N/A       3%          3
 Fulminant Prism          Conj/Hex       23%        3d13      10%         4
 Confusing Touch          Hex            15%        N/A       12%         3
 Iskenderun's Mystic Bla  Conj/Tloc      42%        2d10      13%         4
 Portal Projectile        Hex/Tloc       24%        N/A       16%         3
 Call Canine Familiar     Summ           8%         N/A       21%         3
 Vampiric Draining        Necr           8%         2d6       21%         3
 Leda's Liquefaction      Hex/Erth       6%         N/A       45%         4


Dungeon Overview and Level Annotations

Branches:
Dungeon (4/15)             Temple (1/1) D:4

Altars:
Cheibriados
Dithmenos
Elyvilon
Fedhas
Gozag
Hepliaklqana
Kikubaaqudgha
Nemelex Xobeh
Okawaru
Qazlal
Ru
Wu Jian
Xom
Yredelemnul
Zin


Message History

Found a wand of flame (8).
An iguana comes into view.
The iguana hisses angrily.
There is a transporter here.
You enter the transporter and appear at another place.
Found a fizzy cyan potion.
Found a lumpy puce potion.
x - a wand of flame (8)
There is a transporter landing site here.
You can't go up here!
You can't go up here!
You open the door.
The electric eel shoots out a bolt of lightning at you!
The bolt of electricity hits you!
Aiming: Throw Flame
Press: ? - help, Q - select action, (/) - cycle Shift-Dir - straight line, f - electric eel
Aim: an electric eel (48% to hit)
The puff of flame misses the electric eel.
The electric eel is engulfed in a cloud of scalding steam.
The electric eel shoots out a bolt of lightning at you!
The bolt of electricity hits you!
Found a stone staircase leading down.
The electric eel is engulfed in a cloud of scalding steam.
Aiming: Throw Flame
Press: ? - help, Q - select action, (/) - cycle Shift-Dir - straight line, f - electric eel, p - electric eel
Aim: an electric eel (48% to hit)
The puff of flame hits the electric eel.
The electric eel is moderately wounded.
The electric eel is engulfed in a cloud of scalding steam.
Aiming: Throw Flame
Press: ? - help, Q - select action, (/) - cycle Shift-Dir - straight line, f/p - electric eel
Aim: an electric eel (steam, severely wounded, 48% to hit)
The puff of flame hits the electric eel!
You kill the electric eel!
Your Spellcasting skill increases to level 7!
The electric eel shoots out a bolt of lightning at you!
The bolt of electricity hits you!
* * * LOW HITPOINT WARNING * * *
The bolt of electricity hits you!
You die...

.....###..#.## .##....>.
...# ##....... ........#
...###......# .......##
##..........####.......!
...#....!...#...........
..##.#....#...##########
...).#........#8P#SS~~~~
..<...........#(.#..§...
.............©#©@'...♣§.
..............#..#......
...........##.#8P#§~~~~~
...........##.##########
...........##...l.......
....................#!..
..........#####.........
##........# #.........
......


You could see an iguana and 2 electric eels.

Vanquished Creatures
  Grinder (D:3)
  Sigmund (D:3)
  Duvessa (D:4)
  A phantom (D:4)
  Dowan (D:4)
  An electric eel (D:4)
  An orc wizard (D:3)
  Robin (D:2)
  6 adders
  4 gnolls (D:3)
  2 worms
  5 orcs
  5 endoplasms
  2 giant cockroaches
  9 hobgoblins
  A jackal (D:2)
  2 quokkas (D:2)
  4 ball pythons
  A bat (D:2)
  A frilled lizard (D:1)
  15 goblins
  3 kobolds
  2 rats
70 creatures vanquished.

Notes
Turn   | Place    | Note
-------+----------+-------------------------------------------
     0 | D:1      | Priul the Deep Elf Conjurer began the quest for the Orb.
     0 | D:1      | Reached XP level 1. HP: 10/10 MP: 6/6
   348 | D:1      | Reached XP level 2. HP: 15/15 MP: 5/8
   672 | D:1      | Learned a level 2 spell: Searing Ray
   842 | D:2      | Learned a level 1 spell: Slow
   868 | D:2      | Noticed Robin
   870 | D:2      | Reached skill level 5 in Conjurations
  1089 | D:2      | Killed Robin
  1090 | D:2      | Reached XP level 3. HP: 19/19 MP: 4/9
  1695 | D:2      | Reached XP level 4. HP: 24/24 MP: 7/11
  2047 | D:3      | Noticed Grinder
  2061 | D:3      | Paralysed by Grinder for 3 turns
  2151 | D:3      | Killed Grinder
  2152 | D:3      | Reached XP level 5. HP: 28/28 MP: 8/14
  2152 | D:3      | Reached XP level 6. HP: 32/32 MP: 8/15
  2260 | D:3      | Reached skill level 5 in Spellcasting
  2586 | D:3      | Found a white marble altar of Elyvilon.
  2847 | D:3      | Noticed Sigmund
  2854 | D:3      | Killed Sigmund
  2855 | D:3      | Reached XP level 7. HP: 21/36 MP: 8/18
  3095 | D:3      | Found a faded altar of an unknown god.
  3349 | D:4      | Found a staircase to the Ecumenical Temple.
  3352 | D:4      | Noticed Dowan
  3354 | D:4      | Noticed Duvessa
  3456 | D:4      | Killed Duvessa
  3457 | D:4      | Reached skill level 1 in Hexes
  3461 | D:4      | Killed Dowan
  3479 | Temple   | Entered the Ecumenical Temple
  3514 | Temple   | Became a worshipper of Kikubaaqudgha
  3515 | Temple   | Fell from the grace of Kikubaaqudgha
  3563 | D:4      | Found a transporter.
  3583 | D:4      | Killed from afar by an electric eel

Illustrated notes

Levels and vault maps discovered:
D:1:      minmay_arrival_glassed_features, layout_basic, roderic_roman_lattice
D:2:      minmay_diamond_boxcup, layout_rooms, uniq_robin
D:3:      layout_basic, elyvilon_altar_5, hellmonk_ecumenical_altar_arch_garden,
          uniq_grinder, uniq_sigmund
D:4:      gammafunk_steamed_eel, layout_cave_pools, minmay_temple_entry_trees,
          nicolae_ossuary_entry_plus, uniq_edmund, uniq_duvessa
Temple:   eino_temple_lava

Skill      XL: |  1  2  3  4  5  6  7 |
---------------+----------------------+-----
Conjurations   | 5 6 7 |  7.8
Stealth        | 3 4 |  4.3
Spellcasting   | 4 6 7 |  7.0
Dodging        | 3 |  3.3
Hexes          | 1 |  1.3
Fighting       | |  0.4

Action                   |  1- 3 |  4- 6 |  7- 9 || total
-------------------------+-------+-------+-------++-------
Melee: Staff             |       |     1 |       ||     1
 Cast: Magic Dart        |    61 |    32 |    18 ||   111
       Searing Ray       |     2 |     9 |     4 ||    15
       Slow              |       |     2 |     1 ||     3
Invok: Renounce Religion |       |       |     1 ||     1
Evoke: Wand              |       |       |     3 ||     3
Armor: Robe              |     6 |     3 |     2 ||    11
Dodge: Dodged            |     6 |     7 |     4 ||    17
